 Dungeon Crawl Stone Soup version 0.27.1-2-g3b301248ec (webtiles) character file.

Game seed: 18023662600449202479

125 Descartes the Covert (level 4, 0/21 HPs)
             Began as a Felid Delver on Oct 2, 2021.
             Succumbed to an adder's poison
             ... on level 3 of the Dungeon.
             The game lasted 00:04:23 (2748 turns).

Descartes the Covert (Felid Delver)                 Turns: 2748, Time: 00:04:23

Health: 0/21       AC:  1    Str:  9    XL:     4   Next: 82%
Magic:  5/5        EV: 18    Int: 11    God:
Gold:   152        SH:  0    Dex: 17    Spells: 3/3 levels left
                                        Lives:  0   Deaths: 1

rFire    . . .     SeeInvis +     - Unarmed
rCold    . . .     Faith    .   (shield unavailable)
rNeg     . . .     Spirit   .   (armour unavailable)
rPois    .         Reflect  .   (helmet unavailable)
rElec    .         Harm     .   (cloak unavailable)
rCorr    .         Rampage  .   (gloves unavailable)
Will     .....                  (boots unavailable)
Stlth    ++++......             (no amulet)
HPRegen  0.07/turn              (no ring)
MPRegen  0.09/turn              (no ring)

@: lethally poisoned (0 -> -1), invisible, quick
A: very small, claws 1, fangs 3, see invisible, speed 1, shaggy fur 1, stealthy
paws, no weapons or thrown items, no armour, multi-lived
a: no special abilities


You were on level 3 of the Dungeon.
You visited 2 branches of the dungeon, and saw 7 of its levels.

You collected 152 gold pieces.

Inventory:

Jewellery
 l - a ring of fire
Wands
 e - a wand of digging (3)
Scrolls
 a - 2 scrolls of fog
 b - 2 scrolls of magic mapping
 c - a scroll of fear
 g - a scroll of enchant armour {unknown}
 h - 2 scrolls of identify {unknown}
 j - 2 scrolls of noise {unknown}
 o - a scroll of teleportation {unknown}
Potions
 d - 2 potions of haste
 f - a potion of degeneration {unknown}
 i - a potion of curing {unknown}
 k - a potion of invisibility
 m - a potion of ambrosia {unknown}
 n - a potion of brilliance {unknown}


   Skills:
 - Level 3.0 Fighting
 + Level 3.4 Dodging
 * Level 9.6 Stealth
 + Level 2.5 Unarmed Combat


You had 3 spell levels left.
You didn't know any spells.
Your spell library was empty.

Dungeon Overview and Level Annotations

Branches:
Dungeon (6/15)             Temple (1/1) D:4

Altars:
Cheibriados
Elyvilon
Fedhas
Gozag
Hepliaklqana
Qazlal
Ru
Sif Muna
Uskayaw
Wu Jian
Xom
Yredelemnul

Shops:
D:2 [(

Annotations:
D:5 Duvessa


Innate Abilities, Weirdness & Mutations

You have sharp claws.
You have razor-sharp teeth.
You have supernaturally acute eyesight. (SInv)
You cover ground quickly. (Speed+)
You are covered in fur. (AC +1)
Your paws help you pounce on unaware monsters.
You are incapable of wielding weapons or throwing items.
You cannot wear armour.
You gain extra lives every three experience levels.


Message History

The adder is moderately wounded.
The adder closely misses you.
You scratch the adder.
The adder is severely wounded.
The adder barely misses you. x2
You scratch the adder but do no damage.
The adder is severely wounded.
The adder bites you.
You scratch the adder but do no damage.
The adder is severely wounded.
The adder bites you.
You are poisoned.
The adder poisons you!
You closely miss the adder.
The adder is severely wounded.
You feel sick. The adder barely misses you.
You scratch the adder but do no damage.
The adder is severely wounded.
You feel sick. The adder bites you.
You barely miss the adder.
The adder is severely wounded.
You feel sick. The adder bites you. The adder misses you.
You are too injured to fight recklessly!
You are too injured to fight recklessly!
You are too injured to fight recklessly!
You are too injured to fight recklessly!
You are too injured to fight recklessly!
You are too injured to fight recklessly!
You are too injured to fight recklessly!
You barely miss the adder.
The adder is severely wounded.
You feel sick. The adder bites you.
* * * LOW HITPOINT WARNING * * *
You barely miss the adder.
The adder is severely wounded.
* * * LOW HITPOINT WARNING * * *
You feel sick. The adder misses you.
It was a potion of invisibility.
You fade into invisibility!
You die...

#.....########.#
#.......g.g..#.###
#......####.......
#......# ##......
#####'#.# #...... #
#.......# #......
#.#.......# #......
#.'.......# #######
###.@.....# #......
#.S.....#####.#####
#.............# #
#......######## #
######## # #
######## #.......
#.######


You could see an adder.

Vanquished Creatures
  A bullfrog zombie (D:6)
  A hound (D:5)
  A jelly (D:5)
  5 adders
  A gnoll (D:3)
  An adder skeleton (D:3)
  2 worms
  2 dart slugs
  3 bats
  An endoplasm (D:1)
  6 giant cockroaches
  A goblin (D:2)
  2 hobgoblins (D:3)
  2 quokkas (D:1)
  4 ball pythons
  2 kobolds
  7 rats
42 creatures vanquished.

Notes
Turn   | Place    | Note
-------+----------+-------------------------------------------
     0 | D:5      | Descartes the Felid Delver began the quest for the Orb.
     0 | D:5      | Reached XP level 1. HP: 10/10 MP: 2/2
    50 | D:6      | Reached skill level 7 in Stealth
    50 | D:6      | Reached XP level 2. HP: 11/14 MP: 3/3
    50 | D:6      | Reached XP level 3. HP: 14/17 MP: 4/4
   110 | D:6      | Noticed a black bear
   118 | D:5      | Noticed Duvessa
   136 | D:5      | Reached skill level 8 in Stealth
   150 | D:5      | Reached skill level 9 in Stealth
   150 | D:5      | Reached XP level 4. HP: 21/21 MP: 5/5
   167 | D:5      | Found an opulent altar of Gozag.
   178 | D:5      | Noticed a scorpion
   282 | D:4      | Found a staircase to the Ecumenical Temple.
   288 | Temple   | Entered the Ecumenical Temple
  1072 | D:2      | Found an ornate altar of the Wu Jian Council.
  1186 | D:2      | Slain by a worm
  1187 | D:2      | Reached XP level 3. HP: -2/17 MP: 4/4
  1187 | D:2      | Found a faded altar of an unknown god.
  1187 | D:2      | Found Empehourph's Armour Emporium.
  1199 | D:2      | Reached XP level 4. HP: 21/21 MP: 5/5
  1407 | D:2      | Found Lowo's Antique Weapon Emporium.
  2747 | D:3      | HP: 1/21 [poisoned by an adder]
  2748 | D:3      | Succumbed to an adder's poison

Illustrated notes

Levels and vault maps discovered:
D:1:      lemuel_arrival_rhombus, layout_basic
D:2:      layout_rooms, serial_shops,
          nicolae_shop_temple_entry_statues_fountains, nicolae_shop_waterfront,
          ebering_ecumenical_altar_rust, basic_altar
D:3:      layout_basic
D:4:      layout_gridville, minmay_temple_entry_grid, serial_shops,
          nicolae_shop_statue_plus
D:5:      layout_basic, nicolae_gozag_seed_capital, uniq_duvessa, uniq_menkaure,
          uniq_edmund
D:6:      layout_basic, okawaru_altar_gauntlet_db, mainiacjoe_overflow_24_doors,
          st_stairs_12
Temple:   chequers_temple_sunken

Skill      XL: |  1  2  3  4 |
---------------+-------------+-----
Stealth        | 7 9 |  9.6
Dodging        | 3 |  3.4
Fighting       | |  3.0
Unarmed Combat | |  2.5

Action                   |  1- 3 |  4- 6 || total
-------------------------+-------+-------++-------
Melee: Unarmed           |     5 |   123 ||   128
       Bite              |     1 |     7 ||     8
  Use: Potion            |       |     1 ||     1
 Stab: Sleeping          |     4 |    15 ||    19
Armor: Skin              |       |     3 ||     3
Dodge: Dodged            |       |    88 ||    88
